Map: Ulrena

Players

Novawulfen

  • Race: Terran Terran
  • League: Gold

Etheria - Winner!

  • Race: Zerg Zerg

VOD

Have the link to the VOD?

Description

Time

  • Played on: Nov. 15, 2015, 8:13 a.m.
  • Length: 3:32
Show
View Real Time Build Order
Export as new Build Order

Novawulfen Terran 

Build Orders: Reaper Expand 

Get SALT Encoding   

  12  0:01  SCV  
  13  0:13  SCV  
  14  0:17  Supply Depot  
  14  0:25  SCV  
  15  0:39  SCV  
  15  0:41  Barracks  
  16  0:44  Refinery  
  16  0:51  SCV  
  17  1:03  SCV  
  18  1:21  SCV  
  19  1:27  Reaper  
  20  1:35  Command Center  
  20  1:37  SCV  
  21  1:45  Supply Depot  
  21  1:49  SCV  
  22  2:05  Barracks Tech Lab  
  22  2:14  SCV  
  22  2:22  Factory  
  22  2:29  Marine  
  23  2:32  Orbital Command  
  23  2:42  Bunker  
  23  2:47  Supply Depot  
  23  2:48  Marauder  
  22  3:09  Marine  
Show
View Real Time Build Order
Export as new Build Order

Etheria Zerg - Winner!

Build Orders: Pool Only 

Get SALT Encoding   

  12  0:00  Drone  
  13  0:14  Overlord  
  13  0:18  Drone  
  14  0:23  Extractor  
  13  0:36  Spawning Pool  
  13  0:40  Drone  
  13  1:01  Drone  
  14  1:25  Queen, Zergling x6  
  17  1:27  Metabolic Boost  
  19  1:35  Zergling x2  
  20  1:47  Baneling Nest  
  20  1:49  Drone  
  20  1:57  Zergling x2  
  21  2:11  Zergling x2  
  21  2:22  Overlord  
  21  2:38  Baneling x2  
  21  2:39  Baneling x2  
  21  2:42  Baneling x2  
  21  2:46  Zergling x8  
  23  3:02  Zergling x2  
  23  3:09  Zergling x2  
Tags
 
Add a new tag
Caveats
  • Supply blocks, unpowered buildings, or Contaminate may cause inaccurate times.
  • Supply counts are checked every 10 seconds.